 Dungeon Crawl Stone Soup version 0.28.0-53-g5a82cb258f (webtiles) character file.

Game seed: 10147938493170596515

46 unlimited1921 the Chopper (level 3, -2/35 HPs)
             Began as a Gnoll Cinder Acolyte on May 28, 2022.
             Was a High Priest of Ignis.
             Slain by an adder (5 damage)
             ... on level 1 of the Dungeon.
             The game lasted 00:03:50 (772 turns).

unlimited1921 the Chopper (Gnoll Cinder Acolyte)     Turns: 772, Time: 00:03:50

Health: -2/35      AC:  2    Str: 12 (15) XL:     3   Next: 66%
Magic:  4/7        EV: 11    Int: 10 (13) God:    Ignis [*****.]
Gold:   28         SH:  0    Dex:  6 (7)  Spells: 5/7 levels left

rFire   + . .      SeeInvis .   a - -1 hand axe (flame)
rCold   . . .      Faith    .   (no shield)
rNeg    . . .      Spirit   .   b - +0 robe
rPois   .          Reflect  .   (no helmet)
rElec   .          Harm     .   (no cloak)
rCorr   .          Rampage  .   (no gloves)
Will    .....                   (no boots)
Stlth   +.........              (no amulet)
HPRegen 0.11/turn               (no ring)
MPRegen 0.10/turn               (no ring)

@: about to teleport, hasted, slow
A: fangs 1, strong nose, distributed training
a: Renounce Religion, Fiery Armour, Foxfire Swarm, Rising Flame


You were on level 1 of the Dungeon.
You worshipped Ignis.
Ignis was extremely pleased with you.
You visited 1 branch of the dungeon, and saw 2 of its levels.

You collected 28 gold pieces.

Inventory:

Hand Weapons
 a - a -1 hand axe of flaming (weapon)
 g - a +0 mace
Missiles
 h - 17 bolts
Armour
 b - a +0 robe (worn)
 f - a +0 leather armour
Scrolls
 c - a scroll of teleportation
 e - a scroll of enchant weapon {unknown}
 i - a scroll of fear {unknown}
 k - a scroll of identify {unknown}
Potions
 j - a potion of degeneration


   Skills:
 + Level 6.5 Fighting
 + Level 0.9 Short Blades
 + Level 0.9 Long Blades
 + Level 6.5 Axes
 + Level 0.9 Maces & Flails
 + Level 0.9 Polearms
 + Level 0.9 Staves
 + Level 0.9 Slings
 + Level 0.9 Bows
 + Level 0.9 Crossbows
 + Level 0.9 Throwing
 + Level 0.9 Armour
 + Level 0.9 Dodging
 + Level 0.9 Stealth
 + Level 0.9 Shields
 + Level 0.9 Unarmed Combat
 + Level 2.8 Spellcasting
 + Level 0.6 Conjurations
 + Level 0.6 Hexes
 + Level 0.6 Summonings
 + Level 0.6 Necromancy
 + Level 0.6 Translocations
 + Level 0.6 Transmutations
 + Level 5.4 Fire Magic
 + Level 0.6 Ice Magic
 + Level 0.6 Air Magic
 + Level 0.6 Earth Magic
 + Level 0.6 Poison Magic
 + Level 1.0 Invocations
 + Level 0.9 Evocations


You had 5 spell levels left.
You knew the following spells:

 Your Spells              Type           Power      Damage    Failure   Level
a - Scorch                Fire           24%        2d6       4%          2

Your spell library contained the following spells:

 Spells                   Type           Power      Damage    Failure   Level
 Blink                    Tloc           4%         N/A       32%         2
 Lesser Beckoning         Tloc           2%         N/A       54%         3
 Manifold Assault         Tloc           2%         N/A       99%         5


Dungeon Overview and Level Annotations

Branches:
Dungeon (2/15)

Altars:


Innate Abilities, Weirdness & Mutations

You have very sharp teeth.
Your uncanny sense of smell can sniff out nearby items.
Your experience applies equally to all skills.


Message History

The adder bites you but does no damage.
An endoplasm comes into view.
You hit the adder but do no damage. The adder closely misses you.
You hit the adder. You burn the adder. You bite the adder.
The adder is heavily wounded.
The adder bites you. x2
The adder bites you. The endoplasm freezes you.
You are frozen.
There is a stone staircase leading up here.
Things that are here:
a +0 short sword; a +0 scale mail; the human corpse of Terence The adder bites you.
* * * LOW HITPOINT WARNING * * *
The endoplasm hits you.
* * * LOW HITPOINT WARNING * * *
You climb upwards.
There is a stone staircase leading down here.
The adder bites you.
* * * LOW HITPOINT WARNING * * *
The adder barely misses you.
You are too injured to fight recklessly!
The adder barely misses you. The adder bites you.
* * * LOW HITPOINT WARNING * * *
It was a potion of haste.
You feel yourself speed up. The adder misses you.
You enter the shallow water.
Moving in this stuff is going to be slow.
You enter the shallow water.
Moving in this stuff is going to be slow.
The adder bites you.
* * * LOW HITPOINT WARNING * * *
It was a potion of degeneration.
There was something very wrong with that liquid.
You feel weakened.
You feel dopey.
You feel clumsy. The adder closely misses you.
As you read the scroll labelled SEKHOJ AFRIKE, it crumbles to dust.
You feel strangely unstable.
It was a scroll of teleportation.
The adder bites you.
You die...

.<..≈≈≈≈≈..#.##..##
...P##≈##P.#.....#
....P#≈#P....##.##
................#
..............#.######
........###PPP≈......#
.......###PP≈≈≈≈.....#
..........≈≈P♣♣≈≈≈P..#
......>.#.P≈♣♣♣P@P...#
........≈P≈≈♣ ♣♣S....#
........P.P≈♣ ♣≈≈.####
......#..P≈♣♣ ♣♣.#####
##.......≈P≈♣♣♣≈.....##
...........≈≈≈.)≈.....##
#########..≈≈.≈≈.......#
# #.......J......#
###### #..............#


You could see an adder and an endoplasm.

Vanquished Creatures
  Terence (D:2)
  An endoplasm (D:1)
  3 giant cockroaches (D:1)
  2 goblins (D:1)
  2 ball pythons (D:1)
  6 bats
  A frilled lizard (D:1)
  2 kobolds (D:1)
  4 rats (D:1)
22 creatures vanquished.

Vanquished Creatures (others)
  11 plants (D:1)
11 creatures vanquished.

Grand Total: 33 creatures vanquished

Notes
Turn   | Place    | Note
-------+----------+-------------------------------------------
     0 | D:1      | unlimited1921 the Gnoll Cinder Acolyte began the quest for
                  | the Orb.
     0 | D:1      | Reached XP level 1. HP: 23/23 MP: 4/4
   120 | D:1      | Found a faded altar of an unknown god.
   303 | D:1      | Reached XP level 2. HP: 29/29 MP: 5/5
   492 | D:1      | Learned a level 2 spell: Scorch
   718 | D:2      | Noticed Terence
   730 | D:2      | Killed Terence
   731 | D:2      | Reached skill level 1 in Invocations
   731 | D:2      | Reached XP level 3. HP: 19/35 MP: 1/7
   772 | D:1      | Slain by an adder

Illustrated notes

Levels and vault maps discovered:
D:1:      eino_arrival_water_cross, layout_rooms,
          shapermc_ecumenical_altar_venn, serial_bayou_pond_c
D:2:      layout_rooms, serial_curves, eino_curves_01, eino_curves_03,
          eino_curves_01, nrook_mini_backslash, uniq_jessica, uniq_terence

Skill      XL: |  1  2 |
---------------+-------+-----
Invocations    | 1 |  1.0
Fighting       | |  6.5
Short Blades   | |  0.9
Long Blades    | |  0.9
Axes           | |  6.5
Maces & Flails | |  0.9
Polearms       | |  0.9
Staves         | |  0.9
Slings         | |  0.9
Bows           | |  0.9
Crossbows      | |  0.9
Throwing       | |  0.9
Armour         | |  0.9
Dodging        | |  0.9
Stealth        | |  0.9
Shields        | |  0.9
Unarmed Combat | |  0.9
Spellcasting   | |  2.8
Conjurations   | |  0.6
Hexes          | |  0.6
Summonings     | |  0.6
Necromancy     | |  0.6
Translocations | |  0.6
Transmutations | |  0.6
Fire Magic     | |  5.4
Ice Magic      | |  0.6
Air Magic      | |  0.6
Earth Magic    | |  0.6
Poison Magic   | |  0.6
Evocations     | |  0.9

Action                   || total
-------------------------++-------
Melee: Hand axe          ||    68
       Bite              ||     6
       Punch             ||     1
 Cast: Scorch            ||     2
  Use: Potion            ||     2
       Scroll            ||     1
 Stab: Sleeping          ||     1
Armor: Robe              ||    18
Dodge: Dodged            ||    51
